 Dungeon Crawl Stone Soup version 0.29.1-12-g30fa7ad0bf (webtiles) character file.

Game seed: 10485535342688616102

6397 H0rd4k the Basher (level 10, 0/73 HPs)
             Began as an Octopode Artificer on Dec 22, 2022.
             Was an Initiate of Gozag.
             Slain by a killer bee (8 damage)
             ... on level 9 of the Dungeon.
             The game lasted 00:11:15 (13044 turns).

H0rd4k the Basher (Octopode Artificer)             Turns: 13044, Time: 00:11:15

Health: 0/73       AC:  1    Str: 12    XL:     10   Next: 98%
Magic:  19/19      EV: 13    Int: 17    God:    Gozag
Gold:   1704       SH:  0    Dex: 13    Spells: 21/21 levels left

rFire   + . .      SeeInvis .   l - +11 flail of Action {speed, Fragile rF+ rN+++}
rCold   + . .      Faith    .   (no shield)
rNeg    + + +      Spirit   .   (helmet restricted)
rPois   .          Reflect  .   (no amulet)
rElec   .          Harm     .   p - ring of protection from cold
rCorr   .          Rampage  .   (no ring)
Will    .....                   (no ring)
Stlth   +++.......              (no ring)
HPRegen 0.22/turn               (no ring)
MPRegen 0.16/turn               (no ring)
                                (no ring)
                                (no ring)

@: lethally poisoned (0 -> -13), gold aura
A: almost no armour, amphibious, 8 rings, camouflage 1, gelatinous body 1,
(nimble swimmer 1), tentacles
a: Renounce Religion, Potion Petition, Call Merchant, Bribe Branch


You were on level 9 of the Dungeon.
You worshipped Gozag.
Gozag was most pleased with you.
You visited 2 branches of the dungeon, and saw 10 of its levels.

You collected 1854 gold pieces.
You paid 150 gold pieces to Gozag.

Inventory:

Hand Weapons
 l - the +11 flail of Action (weapon) {speed, Fragile rF+ rN+++}
   (You found it on level 4 of the Dungeon)

   Attacks with this weapon are significantly faster.
   rF:        It protects you from fire.
   rN:        It renders you almost immune to negative energy.
   Fragile:   It will be destroyed if unequipped.
Missiles
 k - 13 poisoned darts
 u - 5 throwing nets
Jewellery
 a - a ring of positive energy
 p - a ring of protection from cold (left tentacle)
Wands
 b - a wand of flame (6) (quivered)
 c - a wand of charming (7)
 t - a wand of mindburst (2)
 y - a wand of roots (8)
 B - a wand of polymorph (5)
 E - a wand of digging (5)
Scrolls
 d - a scroll of blinking {unknown}
 e - 2 scrolls of magic mapping
 g - a scroll of enchant weapon
 m - 3 scrolls of vulnerability
 q - a scroll of amnesia {unknown}
 r - a scroll of immolation {unknown}
 s - 2 scrolls of teleportation
 v - a scroll of torment {unknown}
 x - 2 scrolls of poison
 C - a scroll of noise {unknown}
 D - a scroll of brand weapon {unknown}
 G - a scroll of enchant armour {unknown}
Potions
 f - 2 potions of heal wounds
 h - 3 potions of might
 i - a potion of magic {unknown}
 n - a potion of invisibility {unknown}
 o - 2 potions of attraction
 z - 3 potions of degeneration
 F - a potion of curing {unknown}


   Skills:
 * Level 8.8 Fighting
 + Level 10.1 Maces & Flails
 - Level 2.3 Dodging
 - Level 1.3 Stealth
 + Level 5.8 Unarmed Combat
 * Level 6.3 Spellcasting
 - Level 3.2 Evocations


You had 21 spell levels left.
You didn't know any spells.
Your spell library contained the following spells:

 Spells                   Type           Power      Damage    Failure   Level
 Magic Dart               Conj           20%        1d4       12%         1
 Slow                     Hex            20%        N/A       12%         1
 Searing Ray              Conj           10%        2d4       19%         2
 Static Discharge         Conj/Air       5%         3-4/arc   19%         2
 Confusing Touch          Hex            5%         N/A       36%         3
 Conjure Flame            Conj/Fire      5%         6-21      36%         3
 Ignite Poison            Fire/Tmut/Pois 5%         N/A       36%         3
 Vampiric Draining        Necr           5%         2d6       36%         3
 Dispel Undead            Necr           5%         3d7       77%         4
 Fulminant Prism          Conj/Hex       2%         3d6       77%         4
 Petrify                  Tmut/Erth      5%         N/A       77%         4
 Sticky Flame             Conj/Fire      5%         2d3       77%         4
 Metabolic Englaciation   Hex/Ice        2%         N/A       98%         5
 Statue Form              Tmut/Erth      3%         N/A       100%        6


Dungeon Overview and Level Annotations

Branches:
Dungeon (9/15)             Temple (1/1) D:5            Lair (0/5) D:8
    Orc (0/2) D:9

Altars:
Cheibriados
Dithmenos
Fedhas
Gozag
Makhleb
Okawaru
Qazlal
Ru
Sif Muna
Trog
Vehumet
Wu Jian
Xom
Yredelemnul
The Shining One

Shops:
D:1 (

Annotations:
D:3 2 transporters, Toxa551's ghost, amateur DsNe
D:4 1 runed translucent door, BabyfaceFinlayson's ghost, amateur SpEn
D:6 exclusion: downstairs
D:7 exclusion: downstairs
D:8 exclusion: hydra


Innate Abilities, Weirdness & Mutations

You cannot wear most types of armour.
You are amphibious.
You can wear up to eight rings at the same time.
Your skin changes colour to match your surroundings (Stealth+).
Your rubbery body absorbs attacks. (AC +1, EV +1)
((You are camouflaged when in or above water. (Stealth+)))
You have tentacles for arms and can constrict up to eight enemies at once.


Message History

You blow up the killer bee!
You feel sick.
You are no longer poisoned.
You hear an angry buzzing noise.
The killer bee is distracted by your dazzling golden aura.
A killer bee is nearby!
The killer bee buzzes angrily.
Aiming: Mindburst
Press: ? - help, Shift-Dir - straight line, f - killer bee
Aim: a killer bee (chance to affect: 83%)
The killer bee's mind is blasted!!
You blow up the killer bee!
Unknown command.
A killer bee is nearby!
A killer bee is nearby!
Aiming: Mindburst
Press: ? - help, Shift-Dir - straight line, f - killer bee
Aim: a killer bee (wandering, hasn't noticed you, chance to affect: 83%)
The killer bee buzzes angrily.
The killer bee barely resists.
The killer bee misses you.
Unknown command.
The killer bee closely misses you.
You closely miss the killer bee. Your grab misses the killer bee.
Your squeeze misses the killer bee. The killer bee barely misses you.
You closely miss the killer bee. Your grab misses the killer bee.
The killer bee stings you but does no damage.
You barely miss the killer bee. Your grab misses the killer bee.
Your squeeze misses the killer bee. The killer bee stings you.
* * * LOW HITPOINT WARNING * * *
You are poisoned.
The killer bee poisons you! The killer bee stings you.
* * * LOW HITPOINT WARNING * * *
You are lethally poisoned!
The killer bee poisons you!
You completely miss the killer bee. Your grab misses the killer bee.
* * * LOW HITPOINT WARNING * * *
You feel very sick. The killer bee stings you!
You die...
Your body crumbles into a pile of gold.

###########################
.........$.................
..........#######.......... #.
######...# #...#######
....#########...#######...#######
..!...$$........@y...............
.....y############..#############
...... ######..#############
.!.y.. .....................
...... .....................
...... .....................
##..## ##..#########.####### ##.<
#.. #.# . ... #########.#######


You could see a killer bee.

Vanquished Creatures
  A two-headed ogre (D:8)
  Joseph (D:9)
  A komodo dragon (D:8)
  2 trolls
  A shadow (D:9)
  A wraith (D:7)
  2 steam dragons (D:7)
  A warg (D:9)
  An orc warrior (D:9)
  4 sky beasts (D:7)
  4 ogres
  4 black bears
  3 centaurs
  2 phantoms
  A kobold brigand (D:8)
  Blork the orc (D:6)
  3 necrophages
  6 scorpions
  A gnoll sergeant (D:9)
  A wight (D:7)
  14 killer bees
  A howler monkey (D:5)
  A crimson imp (D:7)
  2 jellies
  2 orc priests (D:9)
  2 hounds
  2 gnoll boudas (D:7)
  Jessica (D:2)
  Terence (D:2)
  8 orc wizards
  3 iguanas
  11 gnolls
  7 adders
  4 white imps
  3 ufetubi
  3 worms
  3 dart slugs
  36 orcs
  5 bats
  5 endoplasms
  9 goblins
  16 hobgoblins
  4 jackals (D:3)
  5 quokkas
  4 ball pythons
  7 frilled lizards
  16 kobolds
  7 rats
223 creatures vanquished.

Vanquished Creatures (collateral kills)
  A steam dragon (D:6)
  A sky beast (D:4)
  A gnoll (D:7)
  2 orcs
  A giant cockroach (D:4)
6 creatures vanquished.

Vanquished Creatures (others)
  A scorpion (D:6)
  A killer bee (D:9)
  A gnoll (D:7)
  8 plants (D:8)
  2 withered plants (D:4)
13 creatures vanquished.

Grand Total: 242 creatures vanquished

Notes
Turn   | Place    | Note
-------+----------+-------------------------------------------
     0 | D:1      | H0rd4k the Octopode Artificer began the quest for the Orb.
     0 | D:1      | Reached XP level 1. HP: 13/13 MP: 1/1
    15 | D:1      | Found Zogg's Weapon Emporium.
   332 | D:1      | Found a faded altar of an unknown god.
   621 | D:1      | Reached skill level 1 in Spellcasting
   621 | D:1      | Reached XP level 2. HP: 18/18 MP: 3/3
  1620 | D:2      | Reached XP level 3. HP: 24/24 MP: 3/5
  1805 | D:2      | Reached skill level 1 in Unarmed Combat
  2087 | D:3      | Found a transporter.
  2161 | D:3      | Noticed a wight
  2173 | D:3      | Reached XP level 4. HP: 29/29 MP: 6/6
  3094 | D:3      | Noticed Toxa551's ghost (amateur DsNe)
  3153 | D:3      | Found a transporter.
  3211 | D:4      | Noticed a scorpion
  3228 | D:4      | Killed a scorpion
  3229 | D:4      | Reached XP level 5. HP: 36/36 MP: 8/8
  3242 | D:4      | Found a shimmering blue altar of Sif Muna.
  3501 | D:4      | Noticed a phantom
  3506 | D:4      | Killed a phantom
  3507 | D:4      | Reached XP level 6. HP: 42/42 MP: 9/9
  3524 | D:4      | Identified the +11 flail of Action {speed, Fragile rF+
                  | rN+++}
  3648 | D:4      | Killed a sky beast
  3664 | D:4      | Noticed a black bear
  3671 | D:4      | Killed a black bear
  3672 | D:4      | Reached XP level 7. HP: 43/46 MP: 11/11
  3817 | D:4      | Reached skill level 5 in Unarmed Combat
  4268 | D:4      | Found a runed translucent door.
  4268 | D:4      | Noticed BabyfaceFinlayson's ghost (amateur SpEn)
  4449 | D:5      | Entered Level 5 of the Dungeon
  4463 | D:5      | Found a staircase to the Ecumenical Temple.
  4473 | Temple   | Entered the Ecumenical Temple
  4503 | Temple   | Became a worshipper of Gozag Ym Sagoz the Greedy
  4535 | D:5      | Reached skill level 1 in Maces & Flails
  4567 | D:5      | Reached skill level 2 in Maces & Flails
  4570 | D:5      | Reached XP level 8. HP: 30/54 MP: 13/13
  5080 | D:6      | Found a stormy altar of Qazlal.
  5112 | D:6      | Reached skill level 3 in Maces & Flails
  5127 | D:6      | Reached skill level 4 in Maces & Flails
  5664 | D:2      | Noticed Terence
  5676 | D:2      | Killed Terence
  6049 | D:2      | Noticed Jessica
  6057 | D:2      | Killed Jessica
  6407 | D:6      | Found a bloodstained altar of Trog.
  7097 | D:6      | Reached skill level 5 in Fighting
  7097 | D:6      | Reached skill level 5 in Maces & Flails
  7220 | D:6      | Noticed Blork the orc
  7224 | D:6      | Killed Blork the orc
  7225 | D:6      | Reached XP level 9. HP: 57/61 MP: 15/15
  7241 | D:6      | Found a shadowy altar of Dithmenos.
  7293 | D:6      | Found a snail-covered altar of Cheibriados.
  7298 | D:6      | Found a radiant altar of Vehumet.
  7828 | D:7      | Reached skill level 6 in Maces & Flails
  8475 | D:7      | Reached skill level 5 in Spellcasting
  8699 | D:7      | Reached skill level 7 in Maces & Flails
  9129 | D:7      | Found an iron altar of Okawaru.
  9445 | D:7      | Found a burning altar of Makhleb.
 10389 | D:8      | Noticed a two-headed ogre
 10409 | D:8      | Reached skill level 8 in Maces & Flails
 10409 | D:8      | Reached XP level 10. HP: 71/71 MP: 18/18
 10878 | D:8      | Killed a two-headed ogre
 10879 | D:8      | Reached skill level 9 in Maces & Flails
 10995 | D:8      | Found the +1 robe of Vines {NoPotionHeal Regen++++}
 11001 | D:8      | Noticed a four-headed hydra
 11092 | D:8      | Found a shimmering altar of Xom.
 11210 | D:8      | Found a staircase to the Lair.
 12023 | D:9      | Found a staircase to the Orcish Mines.
 12193 | D:9      | Noticed Joseph
 12204 | D:9      | Killed Joseph
 12474 | D:9      | Noticed a kobold demonologist
 12474 | D:9      | Noticed a kobold demonologist
 12489 | D:9      | Noticed a kobold demonologist
 12518 | D:9      | Reached skill level 10 in Maces & Flails
 13044 | D:9      | Slain by a killer bee

Illustrated notes

Levels and vault maps discovered:
D:1:      mrwooster_arrival_statue, layout_basic, serial_shops,
          nicolae_shop_bloodbath_and_beyond, dreamdust_ecumenical_altar_statues,
          wad_floor_pattern_untrapped
D:2:      kennysheep_the_goblin_king, layout_basic, kennysheep_another_room,
          supply_closet_lemuel, uniq_terence, uniq_jessica
D:3:      layout_rooms, gammafunk_ghost_mausoleum, hangedman_feature_mirror,
          minmay_distorted
D:4:      layout_layer_cave, nicolae_sif_muna_condensation,
          gammafunk_ghost_grave, minivault_14
D:5:      layout_rooms, minmay_temple_entry_statues_fountains
D:6:      layout_layer_cave, mainiacjoe_overflow_surrounded_room,
          mainiacjoe_overflow_tiny_flanked, minitemple, minmay_circle_x,
          uniq_blork_the_orc
D:7:      layout_cave_pods, makhleb_grotto_becter, okawaru_metal_pillars_1_2,
          dk_noncrumbling_4, hangedman_misty_isle
D:8:      layout_layer_cave, overflow_temple_1_default, david_lair_shrubbed,
          hellmonk_guarded_unrand_vines
D:9:      layout_long_grid, erik_orc_3, uniq_joseph
Temple:   nicolae_temple_god_jail

Skill      XL: |  1  2  3  4  5  6  7  8  9 10 |
---------------+-------------------------------+-----
Spellcasting   | 1 2 3 4 5 6 |  6.3
Fighting       | 2 3 4 5 7 8 |  8.8
Unarmed Combat | 1 3 4 5 |  5.8
Maces & Flails | 2 5 8 10 | 10.1
Dodging        | |  2.3
Stealth        | |  1.3
Evocations     | |  3.2

Action                   |  1- 3 |  4- 6 |  7- 9 | 10-12 || total
-------------------------+-------+-------+-------+-------++-------
Melee: Unarmed           |    78 |    71 |       |       ||   149
       Constrict         |    20 |    22 |    36 |    23 ||   101
       Tentacles         |    18 |    17 |    38 |    23 ||    96
       Punch             |     1 |     4 |     9 |     8 ||    22
       Flail             |       |     9 |   204 |   129 ||   342
Evoke: Wand              |     2 |    11 |    18 |    16 ||    47
  Use: Scroll            |       |       |       |     9 ||     9
       Potion            |       |       |       |     6 ||     6
 Stab: Sleeping          |    10 |     3 |    10 |     1 ||    24
       Distracted        |       |     1 |     3 |       ||     4
Armor: Skin              |     2 |     6 |     7 |     4 ||    19
Dodge: Dodged            |    42 |    55 |    95 |    60 ||   252
